 Dungeon Crawl Stone Soup version 0.19-a0-1051-gdb7e7f8 (webtiles) character file.

30662 towersofbeng the Impaler (level 13, -5/104 HPs)
             Began as a Minotaur Fighter on Aug 2, 2016.
             Was a High Priest of Nemelex Xobeh.
             Slain by a 15-headed hydra (8 damage)
             ... on level 1 of the Lair of Beasts.
             The game lasted 00:41:41 (14957 turns).

towersofbeng the Impaler (Minotaur Fighter)        Turns: 14957, Time: 00:41:42

Health: -5/104     AC: 21    Str: 20 (21) XL:     13   Next: 21%
Magic:  17/17      EV:  8    Int:  5      God:    Nemelex Xobeh [*****.]
Gold:   602        SH: 10    Dex: 15      Spells: 1 memorised, 9 levels left

rFire  . . .     SeeInvis .     a - +1 war axe (vamp)
rCold  . . .     Gourm    .     p - +1 plate armour
rNeg   + . .     Faith    .     W - +2 buckler {rN+}
rPois  +         Spirit   .     Y - +0 hat
rElec  .         Dismiss  .     (no cloak)
rCorr  .         Reflect  .     (no gloves)
SustAt .         Harm     .     Z - +0 pair of boots
MR     +....     Clarity  +     b - amulet of magic regeneration
Stlth  ..........               D - ring of poison resistance
                                e - +2 ring of slaying

@: somewhat resistant to hostile enchantments, extremely unstealthy
A: retaliatory headbutt, horns 2, icy blue scales 1, large bone plates 1, blurry
vision 1, clarity, deterioration 1, frail 1, magic resistance 1, slow
regeneration 1
a: Triple Draw, Deal Four, Stack Five, Renounce Religion


You were on level 1 of the Lair of Beasts.
You worshipped Nemelex Xobeh.
Nemelex Xobeh was extremely pleased with you.
You were not hungry.

You visited 3 branches of the dungeon, and saw 17 of its levels.
You also visited: Sewer.

You collected 842 gold pieces.
You spent 240 gold pieces at shops.

Inventory:

Hand Weapons
 a - a +1 vampiric war axe (weapon)
 r - the +5 scythe "Finisher" {speed, Str+3}
   (You found it on level 4 of the Dungeon)

   Attacks with this weapon are significantly faster.
   It affects your strength (+3).
 C - a +1 bardiche
Armour
 p - a +1 plate armour (worn)
 W - a +2 buckler of positive energy (worn)
 Y - a +0 hat (worn)
 Z - a +0 pair of boots (worn)
Jewellery
 b - an amulet of magic regeneration (around neck)
 e - a +2 ring of slaying (left hand)
 n - an uncursed ring of see invisible
 o - an uncursed ring of wizardry
 y - a +6 ring of evasion
 B - a +2 ring of protection
 D - a ring of poison resistance (right hand)
Wands
 E - a wand of iceblast (5/15)
 F - a wand of confusion (33/48)
 G - a wand of acid (5/15)
 H - a wand of digging (9/24)
Scrolls
 d - 3 scrolls of magic mapping
 k - 4 scrolls of identify
 J - 4 scrolls of remove curse
 K - 2 scrolls of fog
 M - a scroll of fear
 N - 5 scrolls of teleportation
 Q - a scroll of enchant weapon
 R - a scroll of enchant armour
 U - 3 scrolls of recharging
 X - a scroll of amnesia
Potions
 i - a potion of cure mutation
 j - 5 potions of curing
 l - 2 potions of brilliance
 q - a potion of cancellation
 u - 9 potions of might
 v - 2 potions of agility
Miscellaneous
 c - an ornate deck of destruction
 m - an ornate deck of summoning {drawn: 5}
 x - a plain deck of destruction {drawn: 1}
 I - a plain deck of summoning
 L - a plain deck of summoning {drawn: 1}
 O - an ornate deck of escape {drawn: 4}
Comestibles
 f - 17 bread rations
 g - 8 chunks of flesh
 h - 15 fruits
 t - 2 beef jerkies
 A - 8 meat rations


   Skills:
 + Level 11.4 Fighting
 + Level 7.4(13.2) Axes
 - Level 16.7(17.2) Polearms
 + Level 11.4 Armour
 + Level 2.2 Dodging
 - Level 6.1 Shields
 + Level 3.2 Invocations
 + Level 6.9 Evocations


You had 9 spell levels left.
You knew the following spells:

 Your Spells              Type           Power        Failure   Level  Hunger
a - Gell's Gravitas       Hex/Tloc       #.........   100%        3    ####...


Dungeon Overview and Level Annotations

Branches:
Dungeon (15/15)            Temple (1/1) D:4            Lair (1/6) D:8
    Orc (0/2) D:9          Vaults (0/5) D:14
 Depths: D:15

Altars:
Ashenzari
Cheibriados
Dithmenos
Elyvilon
Fedhas
Gozag
Hepliaklqana
Kikubaaqudgha
Makhleb
Nemelex Xobeh
Okawaru
Pakellas
Qazlal
Ru
Sif Muna
Trog
Uskayaw
Vehumet
Xom
Yredelemnul
Zin
The Shining One
Beogh

Shops:
D:6 *


Innate Abilities, Weirdness & Mutations

You reflexively headbutt those who attack you in melee.
You have a pair of horns on your head.
You are partially covered in icy blue scales. (AC +2)
You are partially covered in large bone plates. (AC +2, SH +2)
Scrolls take you a little longer to read.
You possess an exceptional clarity of mind.
Your body sometimes deteriorates upon taking damage.
You are frail. (-10% HP)
You are resistant to hostile enchantments. (MR+)
You regenerate slowly when monsters are visible.


Message History

The 13-headed hydra grows two more!
You slash the 15-headed hydra!
The 15-headed hydra is moderately wounded.
The 15-headed hydra bites you but does no damage.
The 15-headed hydra bites you.
* * * LOW HITPOINT WARNING * * *
You block the 15-headed hydra's attack. The 15-headed hydra bites you.
* * * LOW HITPOINT WARNING * * *
You block the 15-headed hydra's attack. The 15-headed hydra bites you.
* * * LOW HITPOINT WARNING * * *
The 15-headed hydra bites you but does no damage.
The 15-headed hydra bites you.
* * * LOW HITPOINT WARNING * * *
The 15-headed hydra barely misses you. The 15-headed hydra closely misses you.
The 15-headed hydra bites you.
* * * LOW HITPOINT WARNING * * *
The 15-headed hydra closely misses you.
The 15-headed hydra bites you but does no damage. x2
The 15-headed hydra bites you!
You die...
Your body glows slightly and disappears.

##................##
#..######.##.....###
##..# ## #.....##.
##.## ##.....+..
#...# #.......#.
##..# ##.....##.
#.## #. #.....##.
#.###.P#..#.....##.
#.@D............###
#................###
##..................
#..................
...................
##................##
$...##..##+#.......
#...# .....#..††.#.
......†..#.


You could see a 15-headed hydra.

Vanquished Creatures
  Azrael (D:13)
  A fire dragon (D:14)
  A hydra (D:12)
  2 centaur warriors
  A tengu warrior (D:14)
  2 wizards
  4 hill giants
  A deep elf mage (D:15)
  7 ugly things
  4 cyclopes (D:14)
  2 gargoyles
  3 centaur skeletons
  A rime drake (D:9)
  A kobold demonologist (D:14)
  4 komodo dragons
  A freezing wraith (D:14)
  5 trolls
  Grinder (D:4)
  2 meliai zombies
  A shadow (D:14)
  3 vampires
  8 yaks
  Sigmund (D:5)
  2 wraiths
  4 vampire mosquitoes (D:15)
  4 fire elementals (D:13)
  The ghost of HeyBub the Insei, an amateur DgTm (D:4)
  3 hippogriffs
  A mottled dragon (D:14)
  A hungry ghost (D:8)
  A water moccasin (D:12)
  The ghost of Jmtri7 the Covert, an amateur KoAs (D:3)
  Edmund (D:6)
  Duvessa (D:7)
  3 hell hounds (D:13)
  A porcupine (D:9)
  6 orc warriors
  3 ice beasts
  A sky beast (D:9)
  3 black bears
  A necrophage (D:14)
  6 ogres
  3 phantoms
  15 centaurs
  3 crocodiles (Lair:1)
  5 big kobolds
  Blork the orc (D:6)
  8 giant frogs
  Dowan (D:7)
  4 scorpions
  24 killer bees
  10 wights
  6 crimson imps
  4 giant frog zombies
  6 jellies
  3 centaur zombies
  A hound (D:9)
  2 orc priests (D:9)
  2 giant frog skeletons
  Terence (D:2)
  5 iguanas
  6 orc wizards
  6 worker ants
  2 hell rats (D:8)
  2 sheep (D:14)
  A hound skeleton (D:9)
  A howler monkey zombie (D:10)
  4 gnolls (D:5)
  3 adders
  7 river rats
  2 shadow imps
  3 oozes
  An adder zombie (D:9)
  5 worms
  7 dart slugs
  7 giant geckos
  43 orcs
  7 bats
  8 giant cockroaches
  11 goblins
  10 hobgoblins
  19 jackals
  30 kobolds
  4 quokkas
  3 ball pythons (Sewer)
  A giant gecko zombie (D:5)
  4 giant newts
  16 rats
418 creatures vanquished.

Vanquished Creatures (collateral kills)
  4 ugly things (D:15)
  A manticore (D:15)
  Psyche (D:9)
  A gargoyle (D:15)
  A sky beast (D:13)
  A giant frog (D:9)
  4 orcs
13 creatures vanquished.

Vanquished Creatures (others)
  A kobold demonologist (D:14)
  A human (D:9)
  Menkaure (D:7)
  A worker ant (D:14)
  3 kobolds (D:14)
7 creatures vanquished.

Grand Total: 438 creatures vanquished

Notes
Turn   | Place    | Note
-------+----------+-------------------------------------------
     0 | D:1      | towersofbeng the Minotaur Fighter began the quest for the Orb.
     0 | D:1      | Reached XP level 1. HP: 19/19 MP: 0/0
   259 | D:1      | Reached XP level 2. HP: 24/26 MP: 1/1
   287 | D:1      | Reached skill level 1 in Dodging
   555 | D:1      | Reached XP level 3. HP: 27/31 MP: 2/2
  1185 | D:2      | Reached XP level 4. HP: 39/39 MP: 3/3
  1285 | D:2      | Noticed Terence
  1292 | D:2      | Killed Terence
  1292 | D:2      | Reached skill level 5 in Axes
  1974 | D:3      | Found a shadowy altar of Dithmenos.
  1975 | D:3      | Found a snail-covered altar of Cheibriados.
  2073 | D:3      | Found a glowing silver altar of Zin.
  2084 | D:3      | Noticed Jmtri7's ghost (amateur KoAs)
  2109 | D:3      | Killed Jmtri7's ghost
  2109 | D:3      | Reached XP level 5. HP: 22/45 MP: 4/4
  2237 | D:3      | Found a faded altar of an unknown god.
  2286 | D:3      | Found a glowing drain.
  2304 | Sewer    | Entered a sewer
  2367 | Sewer    | Reached XP level 6. HP: 48/52 MP: 5/5
  2663 | D:3      | Found an oddly glowing altar of Pakellas.
  2664 | D:3      | Found a radiant altar of Vehumet.
  2983 | D:4      | Reached skill level 5 in Armour
  2983 | D:4      | Reached skill level 5 in Shields
  2983 | D:4      | Reached XP level 7. HP: 60/60 MP: 6/6
  3033 | D:4      | Noticed Grinder
  3036 | D:4      | Killed Grinder
  3036 | D:4      | Reached skill level 5 in Fighting
  3038 | D:4      | Noticed HeyBub's ghost (amateur DgTm)
  3041 | D:4      | Killed HeyBub's ghost
  3072 | D:4      | Reached skill level 1 in Polearms
  3145 | D:4      | Found a staircase to the Ecumenical Temple.
  3158 | Temple   | Entered the Ecumenical Temple
  3222 | Temple   | Became a worshipper of Nemelex Xobeh the Trickster
  3260 | D:4      | Received a gift from Nemelex Xobeh
  3531 | D:5      | Entered Level 5 of the Dungeon
  3541 | D:5      | Reached XP level 8. HP: 27/69 MP: 7/7
  3794 | D:5      | Reached skill level 2 in Polearms
  4227 | D:5      | Reached * piety under Nemelex Xobeh
  4252 | D:5      | Gained mutation: You are partially covered in rough black scales. (AC +2, Dex -1) [potion of mutation]
  4252 | D:5      | Gained mutation: Your body sometimes deteriorates upon taking damage. [potion of mutation]
  4252 | D:5      | Gained mutation: You are frail. (-10% HP) [potion of mutation]
  4402 | D:5      | Reached skill level 3 in Polearms
  4586 | D:5      | Noticed Sigmund
  4591 | D:5      | Killed Sigmund
  4591 | D:5      | Reached skill level 4 in Polearms
  4992 | D:6      | Noticed Blork the orc
  4997 | D:6      | Killed Blork the orc
  5002 | D:6      | Found a shattered altar of Ashenzari.
  5070 | D:6      | Noticed Edmund
  5076 | D:6      | Killed Edmund
  5076 | D:6      | Reached skill level 5 in Polearms
  5150 | D:6      | Found Huisood's Assorted Antiques.
  5164 | D:6      | Bought a scroll labeled ZEIRHU WESE for 30 gold pieces
  5164 | D:6      | Bought a scroll labeled OBESEG TIQU for 30 gold pieces
  5164 | D:6      | Bought a scroll labeled FEYD UMNINE for 30 gold pieces
  5164 | D:6      | Bought a wooden ring for 150 gold pieces
  5814 | D:7      | Reached ** piety under Nemelex Xobeh
  5817 | D:7      | Noticed Menkaure
  5827 | D:7      | Killed Menkaure
  5827 | D:7      | Reached skill level 1 in Invocations
  5857 | D:7      | Noticed Dowan
  5858 | D:7      | Noticed Duvessa
  5869 | D:7      | Killed Duvessa
  5869 | D:7      | Reached skill level 1 in Evocations
  5869 | D:7      | Reached XP level 9. HP: 57/70 MP: 8/8
  5871 | D:7      | Killed Dowan
  6126 | D:7      | Reached skill level 6 in Polearms
  6146 | D:7      | Found an opulent altar of Gozag.
  6147 | D:7      | Found a stormy altar of Qazlal.
  6147 | D:7      | Found a white marble altar of Elyvilon.
  6390 | D:8      | Received a gift from Nemelex Xobeh
  6399 | D:8      | Found an iron altar of Okawaru.
  6526 | D:8      | Noticed a komodo dragon
  6541 | D:8      | Reached skill level 7 in Polearms
  6555 | D:8      | Killed a komodo dragon
  6794 | D:8      | Found a staircase to the Lair.
  6821 | D:8      | Reached skill level 8 in Polearms
  7233 | D:9      | Found a burning altar of Makhleb.
  7339 | D:9      | Received a gift from Nemelex Xobeh
  7351 | D:9      | Found a bloodstained altar of Trog.
  7352 | D:9      | Reached skill level 9 in Polearms
  7353 | D:9      | Noticed a rime drake
  7353 | D:9      | a black bear changed into a rime drake
  7359 | D:9      | Killed a rime drake
  7359 | D:9      | Reached XP level 10. HP: 79/79 MP: 11/11
  7435 | D:9      | Noticed Psyche
  7518 | D:9      | Killed Psyche
  7659 | D:9      | Found a staircase to the Orcish Mines.
  7702 | D:9      | Reached skill level 10 in Polearms
  7841 | D:9      | Found a roughly hewn altar of Beogh.
  8120 | D:9      | Found an oddly glowing altar of Pakellas.
  8255 | D:9      | Gained mutation: You are partially covered in large bone plates. (AC +2, SH +2) [mutagenic meat]
  8258 | D:9      | Gained mutation: You regenerate slowly when monsters are visible. [mutagenic meat]
  8261 | D:9      | Gained mutation: Scrolls take you a little longer to read. [mutagenic meat]
  8264 | D:9      | Gained mutation: You are partially covered in icy blue scales. (AC +2) [mutagenic meat]
  8373 | D:9      | Reached *** piety under Nemelex Xobeh
  8483 | D:10     | Entered Level 10 of the Dungeon
  8578 | D:10     | Got a tattered robe
  9143 | D:11     | Noticed a hill giant
  9146 | D:11     | Reached skill level 11 in Polearms
  9153 | D:10     | Killed a hill giant
  9172 | D:11     | Identified a scroll of acquirement
  9275 | D:11     | Got a smoking quarterstaff
  9278 | D:11     | Identified the +3 quarterstaff "Orb Guardian's Bane" {freeze, +Blink} (You found it on level 11 of the Dungeon)
  9282 | D:11     | Noticed a gargoyle
  9292 | D:11     | Killed a gargoyle
  9318 | D:11     | Reached skill level 12 in Polearms
  9318 | D:11     | Reached XP level 11. HP: 70/85 MP: 13/13
  9920 | D:12     | Noticed a hill giant
  9923 | D:12     | Killed a hill giant
  9923 | D:12     | Reached skill level 10 in Armour
 10191 | D:12     | Reached skill level 13 in Polearms
 10198 | D:12     | Reached skill level 5 in Evocations
 10291 | D:12     | Noticed a wizard
 10296 | D:12     | Killed a wizard
 10355 | D:12     | Noticed a four-headed hydra
 10365 | D:12     | Killed a seven-headed hydra
 10468 | D:12     | Noticed a deep troll
 10482 | D:12     | Noticed a deep elf mage
 10483 | D:12     | Noticed an orc knight
 10483 | D:12     | Noticed a hill giant
 10484 | D:12     | Noticed a four-headed hydra
 10493 | D:12     | Received a gift from Nemelex Xobeh
 10731 | D:12     | Noticed a hell hog
 11021 | Temple   | Learned a level 3 spell: Gell's Gravitas
 11236 | D:13     | Noticed a hill giant
 11245 | D:13     | Killed a hill giant
 11272 | D:13     | Noticed Azrael
 11275 | D:13     | Reached skill level 14 in Polearms
 11284 | D:13     | Killed Azrael
 11284 | D:13     | Reached skill level 10 in Fighting
 11750 | D:13     | Reached XP level 12. HP: 94/95 MP: 15/15
 11842 | D:13     | Reached **** piety under Nemelex Xobeh
 11925 | D:13     | Received a gift from Nemelex Xobeh
 12672 | D:13     | Noticed a centaur warrior
 12681 | D:13     | Killed a centaur warrior
 12935 | D:14     | Found a hazy altar of Hepliaklqana.
 12961 | D:14     | Reached skill level 15 in Polearms
 12982 | D:14     | Gained mutation: You possess an exceptional clarity of mind. [mutagenic meat]
 13167 | D:14     | Noticed a tengu warrior
 13180 | D:14     | Killed a tengu warrior
 13277 | D:14     | Found a gate to the Vaults.
 13299 | D:14     | Received a gift from Nemelex Xobeh
 13507 | D:15     | Entered Level 15 of the Dungeon
 13521 | D:15     | Received a gift from Nemelex Xobeh
 13533 | D:15     | Reached skill level 16 in Polearms
 13609 | D:15     | HP: 3/99 [green ugly thing (10)]
 13620 | D:15     | HP: 1/99 [green ugly thing (4)]
 13630 | D:15     | Reached XP level 13. HP: 16/104 MP: 17/17
 13651 | D:15     | Gained mutation: You are resistant to hostile enchantments. (MR+) [mutagenic meat]
 13654 | D:15     | Lost mutation: You are partially covered in rough black scales. (AC +2, Dex -1) [mutagenic meat]
 13694 | D:15     | Noticed a fire dragon
 13987 | D:14     | HP: 5/156 [fire dragon (7)]
 13988 | D:14     | Killed a fire dragon
 14552 | Lair:1   | Entered Level 1 of the Lair of Beasts
 14619 | Lair:1   | Reached ***** piety under Nemelex Xobeh
 14734 | Lair:1   | Received a gift from Nemelex Xobeh
 14957 | Lair:1   | HP: 5/104 [15-headed hydra (5)]
 14957 | Lair:1   | Slain by a 15-headed hydra

Vault maps used:
D:1:      sevenhm_arrival_forest_fort_large_4, minivault_26
D:2:      first_bread, uniq_terence
D:3:      nicolae_overflow_hidden_temple, lemuel_doored_altar,
          portal_sewer_entry_f, ecumenical_altar_2
D:4:      serial_forest, infiniplex_forest_clump_small,
          infiniplex_forest_clump_double, infiniplex_forest_clump_small,
          infiniplex_forest_straight_5, infiniplex_forest_clump_medium,
          uniq_grinder
D:5:      grunt_ministairs_15, uniq_sigmund
D:6:      lemuel_round_altar, serial_shops, shop, minivault_27, uniq_edmund,
          uniq_blork_the_orc
D:7:      gammafunk_temple_overflow_claw, uniq_duvessa, uniq_menkaure
D:8:      dpeg_lair_monsters, basic_altar, grunt_ogre_cave
D:9:      trog_ov_bears_minmay, minmay_orc_entry_temple_small, basic_altar,
          gammafunk_pakellas_its_alive, uniq_psyche
D:10:     kennysheep_generic_room_10
D:12:     grunt_ministairs_13, minivault_12
D:13:     uniq_azrael
D:14:     david_vaults_1, lemuel_crystal_altar, lemuel_freeze_loot_1
D:15:     grunt_enter_depths_magical_seal, evilmike_ruin_ashenzari,
          feat_on_display
Temple:   nicolae_temple_x_marks_the_god
Sewer:    kennysheep_pipe_town

Skill      XL: |  1  2  3  4  5  6  7  8  9 10 11 12 13 |
---------------+----------------------------------------+-----
Axes           | 3 4 7 |  7.4
Dodging        | 1 2 |  2.2
Armour         | 5 6 7 8 9 10 11 | 11.4
Shields        | 5 6 |  6.1
Fighting       | 4 5 6 7 8 10 11 | 11.4
Polearms       | 1 5 9 12 14 16 | 16.7
Invocations    | 1 2 3 |  3.2
Evocations     | 1 3 4 5 6 |  6.9

Action                   |  1- 3 |  4- 6 |  7- 9 | 10-12 | 13-15 || total
-------------------------+-------+-------+-------+-------+-------++-------
Melee: War axe           |   109 |   161 |       |       |    76 ||   346
       Headbutt          |    11 |    19 |    29 |    91 |    30 ||   180
       Scythe            |       |     2 |   212 |   566 |    17 ||   797
Evoke: Deck              |       |       |     8 |    16 |     1 ||    25
       Wand              |       |       |     1 |       |       ||     1
  Use: Scroll            |     3 |     4 |    20 |     6 |     1 ||    34
       Potion            |       |     3 |     2 |    11 |     1 ||    17
 Stab: Distracted        |       |       |       |     2 |       ||     2
       Invisible         |       |       |       |     3 |       ||     3
  Eat: Chunk             |     1 |     6 |    15 |    21 |     3 ||    46
       Royal jelly       |       |       |       |     2 |       ||     2
       Beef jerky        |       |       |       |       |     8 ||     8
       Pizza             |       |       |       |       |     2 ||     2
Armor: Scale mail        |    48 |    59 |    51 |    12 |       ||   170
       Plate armour      |       |       |       |   181 |    78 ||   259
Dodge: Dodged            |    41 |    49 |   123 |   244 |    30 ||   487
Block: Shield            |    52 |    81 |       |       |       ||   133
       Other             |       |       |       |    31 |     1 ||    32
       Buckler           |       |       |       |       |    36 ||    36
